Map: Orbital Shipyard

Players

LilDicky - Winner!

  • Race: Terran Terran
  • League: Diamond

Lucas

  • Race: Zerg Zerg
  • League: Diamond

VOD

http://www.twitch.tv/tumescentpie

Description

Time

  • Played on: Nov. 24, 2015, 12:13 a.m.
  • Length: 11:43
Show
View Real Time Build Order
Export as new Build Order

LilDicky Terran - Winner!

Build Orders:  

Get SALT Encoding   

  12  0:02  SCV  
  13  0:14  SCV  
  13  0:19  Supply Depot  
  14  0:26  SCV  
  15  0:32  Refinery  
  15  0:41  SCV  
  16  0:45  Barracks  
  16  0:53  SCV  
  17  1:05  SCV  
  18  1:17  SCV  
  19  1:29  SCV  
  19  1:32  Reaper  
  21  1:41  Command Center  
  21  1:47  Orbital Command  
  21  1:59  Supply Depot  
  21  2:04  Reaper  
  22  2:13  SCV  
  23  2:16  Refinery  
  23  2:23  Factory  
  23  2:25  SCV  
  24  2:40  SCV  
  24  2:43  Barracks Reactor  
  25  2:56  SCV  
  26  3:12  Starport  
  26  3:15  SCV  
  26  3:17  Orbital Command  
  27  3:27  SCV  
  28  3:39  SCV  
  29  3:42  Barracks Reactor  
  29  3:44  Hellion x2  
  29  3:45  SCV  
  34  3:52  SCV, Barracks  
  34  3:55  Barracks  
  35  4:02  SCV  
  36  4:09  Hellion x2  
  40  4:14  Refinery  
  40  4:15  Refinery  
  40  4:22  SCV  
  40  4:23  Liberator  
  41  4:31  Hellion x2  
  45  4:36  Barracks Tech Lab  
  45  4:37  Supply Depot  
  45  4:38  Supply Depot  
  45  4:45  Liberator  
  48  5:01  Hellion x2  
  55  5:12  Barracks Tech Lab  
  55  5:13  Barracks Reactor, Liberator  
  55  5:15  Marine  
  55  5:16  Engineering Bay x2  
  56  5:23  SCV x2  
  62  5:28  Hellion x2  
  62  5:32  Marine  
  66  5:40  SCV  
  67  5:53  Marine x3  
  70  6:04  Supply Depot  
  70  6:06  Terran Infantry Weapons Level 1, Terran Infantry Armor Level 1  
  70  6:08  Supply Depot  
  70  6:09  Supply Depot  
  70  6:11  Barracks  
  70  6:12  Barracks  
  70  6:13  SCV  
  70  6:14  Supply Depot x2  
  70  6:25  Marine x4  
  70  6:26  SCV  
  75  6:43  Marine x2  
  75  6:49  Marine x2  
  75  7:01  Marine  
  75  7:02  Marauder  
  75  7:07  Marauder, Marine  
  81  7:14  Marine x2  
  83  7:16  Missile Turret x3  
  83  7:18  Missile Turret  
  83  7:19  Marine  
  83  7:21  Missile Turret x2  
  84  7:22  Marine  
  84  7:24  Marine  
  84  7:28  Marine  
  76  7:37  Marine  
  76  7:40  Marine  
  76  7:42  Marine  
  76  7:43  Marine x2  
  71  7:46  Marine  
  64  7:54  Marine  
  64  7:58  Marine  
  61  8:02  Marine  
  61  8:03  Marine x2  
  61  8:04  Marauder  
  60  8:08  Armory  
  60  8:09  Medivac x2  
  63  8:13  Marine  
  63  8:17  Marine  
  62  8:20  Marine  
  62  8:22  Barracks Reactor x2  
  62  8:25  SCV  
  64  8:30  SCV, Marine  
  64  8:32  Marine  
  67  8:42  Supply Depot  
  67  8:54  Marine  
  67  8:55  Marine x3  
  71  8:59  Marine x2  
  71  9:01  Terran Infantry Weapons Level 2  
  71  9:02  Terran Infantry Armor Level 2  
  73  9:03  SCV  
  73  9:08  Marine  
  75  9:10  Widow Mine  
  75  9:11  Widow Mine  
  75  9:12  Command Center, Marine  
  76  9:35  Missile Turret  
  76  9:51  Marine x2  
  76  9:52  Marauder x2  
  76  9:56  SCV x2  
  76  10:02  Marine x2  
  76  10:03  Marine  
  76  10:04  Marine  
  76  10:08  SCV x2  
  76  10:09  Marine x2  
  76  10:14  Marine x2  
  76  10:20  SCV, Marine  
  76  10:22  Marine x2  
  76  10:25  Missile Turret, Marine  
  76  10:27  Marine x2  
  76  10:30  SCV  
  76  10:33  SCV, Marauder  
  76  10:34  Marine  
  76  10:38  Marine  
  76  10:40  Marine  
  76  10:47  Marine x2  
  76  10:56  Marine x2  
  76  10:57  Supply Depot  
  76  11:24  Marine x2  
Show
View Real Time Build Order
Export as new Build Order

Lucas Zerg 

Build Orders: 3 Hatch before Pool 

Get SALT Encoding   

  12  0:01  Drone  
  13  0:08  Drone  
  14  0:17  Overlord  
  14  0:36  Drone x3  
  17  0:48  Drone  
  18  0:59  Drone  
  19  1:17  Hatchery  
  18  1:20  Hatchery  
  17  1:32  Spawning Pool  
  16  1:35  Drone  
  17  1:40  Drone  
  17  1:41  Drone  
  17  1:46  Drone  
  20  1:57  Drone, Extractor x2  
  19  2:08  Drone  
  20  2:19  Overlord  
  20  2:24  Queen  
  22  2:31  Queen  
  22  2:33  Zergling x2  
  25  2:39  Zergling x2  
  25  2:41  Drone  
  26  2:52  Zergling x2  
  27  2:59  Drone  
  27  3:00  Drone  
  28  3:06  Spine Crawler  
  28  3:09  Queen  
  30  3:12  Drone  
  30  3:18  Drone x2  
  32  3:24  Drone x2  
  34  3:31  Drone x2  
  36  3:51  Lair  
  36  3:52  Drone x3  
  36  3:53  Drone x2  
  41  4:05  Metabolic Boost  
  41  4:09  Evolution Chamber, Queen  
  42  4:13  Evolution Chamber  
  42  4:14  Drone  
  42  4:22  Extractor  
  42  4:23  Drone, Overlord  
  42  4:24  Drone, Extractor  
  42  4:34  Overlord  
  42  4:35  Overlord  
  42  4:39  Zerg Melee Weapons Level 1  
  42  4:42  Zerg Ground Armor Level 1  
  42  4:44  Drone  
  42  5:03  Drone x3, Spine Crawler  
  42  5:04  Drone x2  
  42  5:05  Spine Crawler  
  45  5:15  Spire  
  44  5:28  Drone  
  44  5:29  Drone x5  
  50  5:38  Drone x4  
  54  5:52  Spine Crawler  
  54  5:56  Spine Crawler  
  52  6:00  Overlord  
  52  6:08  Queen  
  54  6:13  Spore Crawler  
  54  6:14  Spore Crawler  
  52  6:19  Overlord x2  
  52  6:28  Corruptor x2  
  52  6:29  Mutalisk x3  
  62  6:40  Spore Crawler  
  62  6:41  Spore Crawler  
  54  6:50  Mutalisk x3  
  60  6:57  Mutalisk  
  60  6:58  Mutalisk  
  66  7:10  Zergling x4  
  66  7:12  Drone x3  
  66  7:14  Drone  
  70  7:21  Overlord  
  68  7:30  Mutalisk  
  68  7:31  Zergling x2  
  56  7:40  Mutalisk x2  
  56  7:41  Zergling x2  
  57  7:49  Mutalisk x2  
  57  7:50  Zergling x2  
  59  8:04  Mutalisk, Zergling x6  
  59  8:05  Zergling x4  
  66  8:11  Mutalisk, Zergling x2  
  68  8:20  Drone x3  
  71  8:47  Hatchery  
  59  8:53  Baneling Nest, Zergling x4  
  60  8:58  Zergling x4  
  62  9:04  Zergling x2  
  63  9:18  Mutalisk x3  
  63  9:19  Zergling x2  
Tags
 
Add a new tag
Caveats
  • Supply blocks, unpowered buildings, or Contaminate may cause inaccurate times.
  • Supply counts are checked every 10 seconds.